 Dungeon Crawl Stone Soup version 0.32-a0-893-gf85d74f360 (webtiles) character file.

Game seed: 5465042171374923143

329 NateTC the Covered (level 6, -1/52 HPs)
             Began as an Armataur Fighter on Apr 3, 2024.
             Was an Initiate of Beogh.
             Slain by an orc
             ... wielding a +0 dagger
              (2 damage)
             ... on level 4 of the Dungeon.
             The game lasted 00:09:32 (3820 turns).

NateTC the Covered (Armataur Fighter)               Turns: 3820, Time: 00:09:32

Health: -1/52      AC:  7    Str: 23    XL:     6   Next: 25%
Magic:  6/6        EV:  6    Int:  9    God:    Beogh [......]
Gold:   173        SH:  5    Dex:  9    Spells: 5/5 levels left

rFire   + . .        a - +0 long sword
rCold   . . .        c - +1 buckler
rNeg    . . .        b - +0 scale mail
rPois   .            (no helmet)
rElec   .            (no cloak)
rCorr   .            (no gloves)
SInv    .            (no barding)
Will    .....        (no amulet) Stlth
                     j - ring of protection from fire
HPRegen 0.28/turn    (no ring)
MPRegen 0.10/turn

%: roll
@: no status effects
A: large, deformed body, tough skin 3, armoured tail, rollpage 1
a: Renounce Religion


You were on level 4 of the Dungeon.
You worshipped Beogh.
Beogh was noncommittal.
You visited 1 branch of the dungeon, and saw 5 of its levels.

You collected 173 gold pieces.

Inventory:

Hand Weapons
 a - a +0 long sword (weapon)
Armour
 b - a +0 scale mail (worn)
 c - a +1 buckler (worn)
Jewellery
 f - a ring of fire
 j - a ring of protection from fire (left hand)
Wands
 d - a wand of paralysis (6)
Scrolls
 g - 2 scrolls of teleportation
 k - 2 scrolls of poison
Potions
 e - a potion of enlightenment {unknown}
 h - a potion of heal wounds
 i - a potion of berserk rage {unknown}
 l - 2 potions of curing {unknown}
 m - a potion of invisibility {unknown}
 n - a potion of ambrosia


   Skills:
 - Level 3.9 Fighting
 + Level 3.8 Long Blades
 * Level 6.1 Armour
 - Level 3.2 Shields


You had 5 spell levels left.
You didn't know any spells.
Your spell library contained the following spells:

 Spells                   Type           Power      Damage    Failure   Level
 Shock                    Conj/Air       0%         1d3       75%         1
 Swiftness                Air            0%         N/A       98%         3
 Airstrike                Air            0%         2d(0-16)  100%        4


Dungeon Overview and Level Annotations

Branches:
Dungeon (5/15) Zot: 26065
 Temple: D:4-7

Altars:

Shops:
D:4 (*[(

Annotations:
D:4 3 runed translucent doors, jasper's ghost, novice MDGl


Innate Abilities, Weirdness & Mutations

Armour fits poorly on your strangely shaped body.
You have extremely tough skin. (AC +3)
You have a long armoured tail.
You regenerate magic when rolling toward enemies. (Rampage MPRegen)


Message History

The orc is severely wounded.
The orc barely misses you. The orc hits you with a +0 flail.
You block something's attack. You block the orc's attack.
The orc hits you but does no damage. The orc barely misses you.
The orc hits you but does no damage. Something hits you but does no damage.
The orc hits you but does no damage.
You climb upwards.
Level annotation: 3 runed translucent doors, jasper's ghost, novice MDGl Reactivating autopickup.
There is a stone staircase leading down here.
Things that are here:
a +0 leather armour; a +0 mace You hit the orc but do no damage.
You tail-slap the orc, but do no damage.
The orc hits you with a +0 flail.
* * * LOW HITPOINT WARNING * * *
Something hits you but does no damage.
Deactivating autopickup; reactivate with Ctrl-A.
The orc hits you but does no damage.
You closely miss the orc. The orc barely misses you.
Something hits you but does no damage. You block the orc's attack.
You hit the orc.
The orc is lightly wounded.
The orc hits you with a +0 flail.
* * * LOW HITPOINT WARNING * * *
Something hits you.
* * * LOW HITPOINT WARNING * * *
The orc hits you but does no damage. The orc hits you with a +0 flail.
* * * LOW HITPOINT WARNING * * *
Something hits you.
* * * LOW HITPOINT WARNING * * *
You hit the orc.
The orc is severely wounded.
The orc hits you with a +0 dagger.
* * * LOW HITPOINT WARNING * * *
You block the orc's attack. Something hits you.
* * * LOW HITPOINT WARNING * * *
The orc hits you with a +0 dagger.
You die...
Beogh appreciates the orc's killing of a heretic priest.

....# #.#########.#.##
##..#####.# ##.## #.#########
#......#.###.#.###.#..#.#..
##...........###.##.##..$$.##
...######.###.#..##.#.......#
.### #.# ##.#)##.##.....##
..### #.# ##.#.##.#.WZZZ..#
#...# #.# #..#o##.###+++####
..#.#####.# #.##@##.##.....#.#
###.......###)##o...##.....#.#
###.<###........o...###..###.#
.........####.###............#
.##.........#.# #..###########
.##..######.#.# #..# ......#
#.#.# #(.#
.##...#####.#.###..#
...................#


You could see 3 orcs.

Vanquished Creatures
  A hound (D:3)
  2 orc priests (D:4)
  An iguana (D:5)
  3 orc wizards (D:4)
  3 gnolls (D:4)
  An adder (D:4)
  4 dart slugs
  A ribbon worm (D:2)
  11 orcs
  6 ball pythons
  5 bats (D:1)
  5 endoplasms
  2 giant cockroaches (D:1)
  14 goblins
  6 hobgoblins
  3 quokkas
  3 frilled lizards (D:1)
  4 kobolds
  8 rats
83 creatures vanquished.

Vanquished Creatures (others)
  A ball python (D:4)
1 creature vanquished.

Grand Total: 84 creatures vanquished

Notes
Turn   | Place    | Note
-------+----------+-------------------------------------------
     0 | D:1      | NateTC the Armataur Fighter began the quest for the Orb.
     0 | D:1      | Reached XP level 1. HP: 18/18 MP: 1/1
    66 | D:1      | Reached XP level 2. HP: 16/26 MP: 2/2
   496 | D:1      | Reached XP level 3. HP: 28/31 MP: 3/3
  2002 | D:3      | Reached skill level 4 in Armour
  2002 | D:3      | Reached XP level 4. HP: 21/40 MP: 4/4
  2358 | D:3      | Found a faded altar of an unknown god.
  2691 | D:4      | HP: 2/40 [orc/+0 mace (2)]
  2783 | D:4      | Reached XP level 5. HP: 30/46 MP: 5/5
  2851 | D:4      | Became a worshipper of Beogh the Shepherd
  2914 | D:4      | Found Neni's Weapon Boutique.
  2928 | D:4      | Found Mujyptod's General Store.
  2976 | D:4      | Found Soryxoli's Armour Boutique.
  3209 | D:4      | HP: 2/46 [something/puff of flame (5)]
  3210 | D:4      | Reached skill level 5 in Armour
  3216 | D:4      | Paralysed by something for 5 turns
  3255 | D:4      | Found Iru Por's Weapon Emporium.
  3369 | D:4      | Reached XP level 6. HP: 49/52 MP: 6/6
  3432 | D:4      | Found a runed translucent gate.
  3432 | D:4      | Found a runed translucent gate.
  3432 | D:4      | Found a runed translucent gate.
  3555 | D:4      | Reached skill level 6 in Armour
  3696 | D:4      | Noticed jasper's ghost (novice MDGl)
  3709 | D:5      | Entered Level 5 of the Dungeon
  3820 | D:4      | HP: 1/52 [something (3)]
  3820 | D:4      | Slain by an orc

Illustrated notes

Levels and vault maps discovered:
D:1:      nzn_arrival_water_spiral, layout_basic, minivault_19
D:2:      kennysheep_the_goblin_king, layout_basic, dreamdust_princess_bridge,
          st_stairs_14
D:3:      layout_loops_ring, shapermc_ecumenical_altar_acropolis
D:4:      layout_loops_ring, gammafunk_ghost_necromancy, serial_shops,
          nicolae_take_the_stairs, nicolae_shop_gibbet_a_chance, shop,
          kennysheep_little_box
D:5:      layout_cave_pools

Skill      XL: |  1  2  3  4  5  6 |
---------------+-------------------+-----
Fighting       | 3 |  3.9
Long Blades    | 2 3 |  3.8
Armour         | 4 5 6 |  6.1
Shields        | |  3.2

Action                     |  1- 3 |  4- 6 || total
---------------------------+-------+-------++-------
  Melee: Long sword        |   205 |   180 ||   385
         Tailslap          |    13 |    10 ||    23
 Invoke: Convert to Beogh  |       |     1 ||     1
    Use: Scroll            |     4 |     3 ||     7
         Potion            |     1 |     3 ||     4
 Armour: Scale mail        |   189 |   198 ||   387
  Dodge: Dodged            |    96 |    60 ||   156
  Block: Buckler           |    54 |    45 ||    99

Table legend: (Time is in decaauts)
 A = Elapsed time spent in this place.
 B = Non-inter-level travel time spent in this place.
 C = Inter-level travel time spent in this place.
 D = Time resting spent in this place.
 E = Time spent auto-exploring this place.
 F = Levels seen in this place.
 G = Mean time per level.
                   A        B        C        D        E       F      G
               +--------+--------+--------+--------+--------+-----+--------+
         Total |   3933 |   3816 |    117 |    339 |   2281 |   5 |  786.6 |
       Dungeon |   3933 |   3816 |    117 |    339 |   2281 |   5 |  786.6 |
               +--------+--------+--------+--------+--------+-----+--------+

Top non-repeatable levels by time:
     D:4: 1079 daAuts
     D:2: 1017 daAuts
     D:1: 974 daAuts
     D:3: 757 daAuts
     D:5: 104 daAuts
